cohdb
Replays
Latest Replays
All Replays
Popular Replays
Top Player Replays
Match Explorer
How It Works
Community
CoH3 Stats
Reddit
Sign in to upload your games and track your stats! →
Sign in with Steam
Match 46589265
Unlisted
Match 46589265
Overview
Messages
Build Orders
End
Construct Infanterie Kompanie
Selects Mechanized Battlegroup
Grenadier Squad
MG 42 Machine Gun Team
GrW 34 Mortar Team
Construct Panzergrenadier Kompanie
Panzergrenadier Squad
251 Medium Carrier
Selects Mobile Repair Stations
BÖRK
MMMerVVV
Jerome Powell
56512543
Henk
water
PH0BB05
Hirys it's Irys
0
0
Comments
sign in to comment!
No comments posted yet!